Map: Equilibrium LE

Players

Femto

  • Race: Protoss Protoss
  • League: Platinum
  • Spawn Location: 1:00

FloatinBrain - Winner!

  • Race: Terran Terran
  • League: Platinum
  • Spawn Location: 11:00

VOD

Have the link to the VOD?

Description

mech ghost raven

Time

  • Played on: Jan. 19, 2024, 5:07 p.m.
  • Length: 19:21
Show
View Real Time Build Order
Export as new Build Order

Femto Protoss 

Build Orders:  

Get SALT Encoding   

  12  0:00  Probe  
  13  0:12  Probe  
  14  0:20  Pylon  
  14  0:24  Probe  
  15  0:38  Gateway, Probe  
  16  0:50  Probe (Chrono Boost)  
  16  0:51  Assimilator  
  17  1:00  Assimilator  
  17  1:02  Probe (Chrono Boost)  
  18  1:07  Probe (Chrono Boost)  
  19  1:16  Probe  
  20  1:25  Cybernetics Core  
  20  1:28  Probe  
  21  1:34  Pylon  
  21  1:40  Probe  
  22  1:56  Probe  
  23  2:06  Stargate  
  23  2:08  Probe  
  24  2:13  Forge  
  24  2:19  Pylon  
  24  2:23  Pylon  
  24  2:28  Probe  
  25  2:37  Stalker  
  27  2:54  Photon Cannon  
  27  2:57  Shield Battery  
  30  3:06  Void Ray  
  30  3:07  Stalker  
  32  3:20  Nexus  
  32  3:37  Stalker  
  34  3:42  Pylon  
  34  3:46  Pylon  
  34  4:02  Void Ray  
  38  4:11  Stalker  
  40  4:23  Photon Cannon  
  40  4:28  Photon Cannon  
  36  4:41  Probe (Chrono Boost)  
  37  4:53  Probe (Chrono Boost)  
  37  4:57  Probe (Chrono Boost)  
  39  5:03  Assimilator, Probe (Chrono Boost)  
  39  5:05  Probe (Chrono Boost)  
  39  5:06  Assimilator  
  41  5:15  Probe (Chrono Boost)  
  41  5:20  Probe (Chrono Boost)  
  44  5:30  Probe (Chrono Boost)  
  44  5:31  Probe (Chrono Boost)  
  49  5:37  Probe  
  49  5:38  Void Ray, Stalker  
  52  5:44  Pylon  
  52  6:07  Probe (Chrono Boost)  
  53  6:13  Probe (Chrono Boost)  
  53  6:18  Probe (Chrono Boost)  
  59  6:20  Stalker  
  59  6:21  Void Ray  
  59  6:22  Probe (Chrono Boost)  
  59  6:24  Probe (Chrono Boost)  
  63  6:27  Probe (Chrono Boost)  
  64  6:33  Photon Cannon, Probe  
  64  6:38  Probe  
  66  6:45  Probe  
  67  6:47  Photon Cannon  
  67  6:50  Probe  
  72  7:11  Void Ray  
  72  7:12  Photon Cannon  
  72  7:19  Probe  
  73  7:24  Probe  
  74  7:31  Probe  
  74  7:34  Stargate  
  74  7:36  Stargate  
  75  7:45  Robotics Facility  
  75  7:47  Pylon  
  67  8:29  Void Ray  
  67  8:30  Void Ray x2  
  79  9:12  Void Ray  
  79  9:13  Void Ray x2  
  79  9:24  Pylon  
  83  9:55  Void Ray, Pylon  
  83  9:59  Pylon  
  83  10:10  Nexus  
  83  10:12  Pylon  
  91  10:16  Pylon  
  91  10:19  Void Ray x2  
  91  10:31  Shield Battery  
  91  10:34  Shield Battery  
  95  10:38  Void Ray, Photon Cannon  
  95  10:48  Assimilator  
  95  10:52  Assimilator  
  103  11:02  Void Ray x2  
  73  11:26  Void Ray (Chrono Boost), Probe (Chrono Boost)  
  68  11:36  Probe (Chrono Boost)  
  77  11:41  Probe (Chrono Boost)  
  78  11:47  Void Ray x2 (Chrono Boost)  
  78  11:52  Probe  
  83  12:01  Void Ray (Chrono Boost)  
  83  12:09  Probe (Chrono Boost)  
  92  12:18  Void Ray x2  
  92  12:20  Probe x2 (Chrono Boost)  
  94  12:28  Probe (Chrono Boost)  
  94  12:29  Probe (Chrono Boost)  
  96  12:32  Fleet Beacon  
  96  12:33  Probe (Chrono Boost)  
  96  12:35  Probe (Chrono Boost)  
  102  12:37  Void Ray  
  103  12:47  Probe (Chrono Boost)  
  103  12:50  Probe (Chrono Boost)  
  104  12:54  Probe (Chrono Boost)  
  113  13:01  Void Ray x2, Probe  
  100  13:20  Void Ray  
  76  13:44  Void Ray x2  
  77  13:48  Observer  
  77  13:57  Probe (Chrono Boost)  
  82  14:03  Void Ray  
  82  14:08  Probe (Chrono Boost)  
  84  14:10  Observer (Chrono Boost)  
  84  14:12  Probe (Chrono Boost)  
  84  14:13  Probe (Chrono Boost)  
  82  14:24  Probe  
  91  14:25  Probe  
  91  14:27  Void Ray x2  
  91  14:36  Probe  
  91  14:37  Probe  
  96  14:46  Void Ray  
  96  14:49  Protoss Air Weapons Level 1 (Chrono Boost), Probe  
  89  15:01  Probe (Chrono Boost)  
  90  15:10  Pylon  
  90  15:13  Probe (Chrono Boost)  
  91  15:18  Probe (Chrono Boost)  
  92  15:24  Probe (Chrono Boost)  
  94  15:34  Probe x2 (Chrono Boost)  
  95  15:39  Probe (Chrono Boost)  
  95  15:40  Probe (Chrono Boost)  
  72  15:50  Probe  
  72  15:52  Probe  
  70  16:02  Probe  
  75  16:20  Void Ray x3  
  75  16:21  Probe (Chrono Boost)  
  75  16:23  Probe (Chrono Boost)  
  77  16:31  Observer  
  80  16:33  Probe (Chrono Boost)  
  80  16:34  Probe (Chrono Boost)  
  80  16:38  Probe (Chrono Boost)  
  81  16:43  Protoss Air Armor Level 1  
  81  16:49  Probe  
  81  17:01  Probe  
  81  17:07  Void Ray x2  
  78  17:13  Probe  
  78  17:14  Void Ray  
  67  17:50  Void Ray (Chrono Boost)  
  67  17:57  Void Ray (Chrono Boost)  
  47  18:05  Void Ray (Chrono Boost)  
Show
View Real Time Build Order
Export as new Build Order

FloatinBrain Terran - Winner!

Build Orders:  

Get SALT Encoding   

  12  0:00  SCV  
  13  0:12  SCV  
  14  0:23  Supply Depot  
  14  0:25  SCV  
  15  0:42  Refinery  
  15  0:45  SCV, Refinery  
  16  0:50  Barracks  
  16  0:57  SCV  
  17  1:06  Supply Depot  
  17  1:09  SCV  
  18  1:22  SCV  
  19  1:41  Reaper  
  19  1:43  SCV  
  21  2:02  Command Center  
  21  2:05  SCV  
  22  2:13  Reaper  
  23  2:19  SCV  
  24  2:26  Factory  
  24  2:32  SCV  
  25  2:45  Reaper  
  25  2:46  Supply Depot  
  26  2:57  SCV  
  27  3:11  Starport  
  27  3:17  Orbital Command x2  
  27  3:25  Factory Tech Lab  
  27  3:31  Barracks Tech Lab, Ghost Academy  
  27  3:44  SCV x2  
  29  3:49  Hellion  
  29  3:50  Infernal Pre-Igniter  
  29  3:53  Starport Tech Lab  
  31  3:59  SCV  
  31  4:00  SCV  
  33  4:07  Factory  
  33  4:13  SCV x2  
  33  4:15  Ghost  
  37  4:19  Cyclone  
  39  4:25  SCV x2  
  40  4:41  Raven  
  40  4:45  SCV x2  
  43  4:50  Interference Matrix  
  43  4:51  Cyclone  
  46  4:57  SCV  
  46  4:58  Factory Reactor, SCV  
  48  5:05  Supply Depot x2  
  48  5:09  SCV  
  48  5:10  SCV  
  48  5:11  Marine  
  51  5:16  Refinery  
  51  5:19  Refinery  
  51  5:21  SCV  
  51  5:22  SCV  
  51  5:24  Supply Depot x2  
  53  5:28  Cyclone  
  53  5:31  Ghost  
  53  5:33  SCV  
  53  5:34  SCV  
  59  5:40  Supply Depot x2  
  59  5:45  Command Center, Widow Mine x2  
  59  5:46  SCV  
  64  5:55  SCV  
  65  5:58  SCV  
  66  6:04  Ghost  
  66  6:06  Widow Mine  
  66  6:07  Widow Mine  
  72  6:17  SCV x2  
  74  6:28  Factory  
  74  6:30  Hellion x2  
  74  6:31  Cyclone  
  74  6:32  SCV  
  81  6:33  SCV  
  81  6:38  Engineering Bay  
  80  6:59  Ghost  
  80  7:00  Cyclone  
  80  7:01  Cyclone, SCV x2  
  83  7:02  SCV  
  86  7:12  Raven  
  86  7:13  Factory Reactor, SCV  
  86  7:14  SCV  
  91  7:16  Missile Turret  
  91  7:20  Missile Turret  
  91  7:22  Cyclone, Missile Turret  
  92  7:23  Missile Turret  
  92  7:25  SCV  
  93  7:31  Missile Turret  
  93  7:33  Cyclone x2  
  93  7:34  Missile Turret  
  97  7:42  Ghost  
  99  7:45  SCV  
  99  7:46  Raven, SCV x2  
  99  7:49  Refinery  
  104  7:52  Refinery  
  104  7:57  SCV  
  104  7:58  SCV x2  
  107  8:00  Missile Turret  
  107  8:01  Missile Turret  
  89  8:34  Cyclone x5  
  93  8:35  SCV x3  
  101  8:41  Factory  
  101  8:42  Factory  
  101  8:47  Supply Depot, SCV x3  
  103  8:49  Raven, Ghost, Supply Depot x2  
  103  8:50  Supply Depot  
  106  8:59  SCV x2  
  106  9:00  SCV, Starport  
  106  9:02  Supply Depot  
  109  9:11  SCV x2  
  109  9:12  SCV  
  112  9:23  SCV  
  113  9:30  Orbital Command  
  113  9:32  Factory Tech Lab x2  
  113  9:35  Cyclone x4  
  113  9:36  Cyclone  
  123  9:39  Hurricane Engines  
  123  9:51  Starport Reactor, Command Center  
  123  9:52  Armory, Medivac  
  125  9:53  Armory  
  125  9:56  SCV x3  
  130  10:07  Widow Mine x3  
  130  10:08  SCV x3  
  130  10:10  Refinery  
  130  10:11  Ghost, Missile Turret x2  
  130  10:12  Missile Turret  
  130  10:13  Missile Turret  
  139  10:14  Refinery  
  139  10:18  Cyclone x3  
  139  10:19  Cyclone  
  147  10:22  Medivac  
  147  10:28  Widow Mine x2, SCV x3  
  156  10:40  SCV  
  157  10:45  Supply Depot  
  157  11:00  SCV x2  
  157  11:01  Widow Mine  
  157  11:02  SCV, Widow Mine x2  
  142  11:12  SCV x2  
  143  11:19  Cyclone  
  143  11:21  Cyclone x3  
  143  11:22  Cyclone  
  147  11:34  Widow Mine x2  
  147  11:36  Medivac x2  
  147  11:37  Raven  
  157  11:42  SCV  
  157  11:43  SCV x2  
  157  11:45  Planetary Fortress  
  160  11:52  Widow Mine  
  160  11:53  Widow Mine x3  
  168  11:54  Terran Vehicle And Ship Armor Level 1, SCV  
  168  11:55  Terran Vehicle Weapons Level 1, SCV x2, Widow Mine x2  
  168  12:01  Smart Servos  
  175  12:02  Drilling Claws  
  175  12:09  Command Center  
  175  12:11  Raven  
  177  12:40  Hellion  
  179  12:44  Supply Depot x2  
  179  12:45  Supply Depot x2  
  179  12:46  Supply Depot  
  180  12:51  SCV  
  180  13:05  Thor, Missile Turret  
  180  13:06  Hellion x3, Missile Turret, SCV x4  
  180  13:07  Missile Turret x2  
  180  13:11  Thor  
  198  13:18  Thor, SCV x2  
  166  13:34  Cyclone  
  166  13:35  Cyclone x3  
  164  13:48  Cyclone  
  164  13:52  Planetary Fortress  
  164  13:54  Cyclone  
  166  13:56  SCV x4  
  166  14:00  Refinery  
  166  14:01  Cyclone  
  166  14:02  Refinery  
  172  14:06  Cyclone  
  172  14:07  Cyclone x3  
  180  14:11  Raven  
  180  14:12  Ghost  
  184  14:21  Cyclone  
  186  14:26  Cyclone  
  188  14:33  Cyclone  
  190  14:38  Cyclone  
  190  14:39  Cyclone x3  
  198  14:47  Terran Vehicle Weapons Level 2  
  198  14:48  Terran Vehicle And Ship Armor Level 2  
  198  14:51  Personal Cloaking  
  198  14:54  Fusion Core  
  198  14:58  Liberator x2  
  196  15:00  Liberator  
  199  15:16  Command Center  
  199  15:17  Missile Turret  
  173  15:50  Thor x3  
  173  15:51  Cyclone x2  
  173  15:52  Cyclone x2  
  185  16:07  Viking x3  
  177  16:25  Cyclone x3  
  183  16:33  Thor x2  
  195  16:48  Viking x2  
  192  17:16  Thor  
  168  17:41  Thor x2  
  168  17:42  Cyclone x2  
  168  17:43  Cyclone x2  
  182  18:02  Thor  
  188  18:14  Cyclone x2  
  192  18:23  SCV x6, Refinery x2  
  198  18:35  Missile Turret, SCV x2  
  198  18:40  Missile Turret  
  200  18:44  Missile Turret  
Tags
 
Add a new tag
Caveats
  • Supply blocks, unpowered buildings, or Contaminate may cause inaccurate times.
  • Supply counts are checked every 10 seconds.